 Dungeon Crawl Stone Soup version 0.14-a0-1169-g4815781 (webtiles) character file.

174 PolkaDot the Cutter (level 4, -1/34 HPs)
             Began as a Vampire Death Knight on Nov 30, 2013.
             Was a Believer of Yredelemnul.
             Slain by a rat (2 damage)
             ... on Level 2 of the Dungeon.
             The game lasted 00:05:05 (1079 turns).

PolkaDot the Cutter (Vampire Death Knight)          Turns: 1079, Time: 00:05:06

HP  -1/34        AC  2     Str 12      XL: 4   Next: 59%
MP   7/7         EV 12     Int 13      God: Yredelemnul [**....]
Gold 65          SH  0     Dex 12 (14) Spells:  0 memorised,  3 levels left

rFire  . . .     SeeInvis +     a - +1 short sword
rCold  . . .     Clarity  .     g - +0 robe
rNeg   . . .     Conserve .     (no shield)
rPois  .         rCorr    .     (no helmet)
rElec  .         rRot     .     (no cloak)
SustAb . .       Spirit   .     (no gloves)
rMut   .         Warding  .     (no boots)
Saprov . . .     Stasis   .     (no amulet)
                                (no ring)
                                (no ring)

@: regenerating quickly, slightly resistant to hostile enchantments, unstealthy
A: fangs 3, see invisible, unbreathing
a: Animate Remains, Recall Undead Slaves, Injury Mirror, Renounce Religion


You were on level 2 of the Dungeon.
You worshipped Yredelemnul.
Yredelemnul was pleased with you.
You were very full.

You visited 1 branch of the dungeon, and saw 2 of its levels.

You collected 65 gold pieces.

Inventory:

Hand weapons
 a - a +1,+1 short sword (weapon)
Armour
 b - a +0 leather armour
 g - a +0 robe (worn)


   Skills:
 - Level 2.5 Fighting
 + Level 3.5 Short Blades
 + Level 2.0 Armour
 * Level 2.1 Dodging
 - Level 2.4 Invocations


You had 3 spell levels left.
You didn't know any spells.

Dungeon Overview and Level Annotations

Branches:
Dungeon (2/16)

Altars:
Trog
Vehumet


Innate Abilities, Weirdness & Mutations

Your natural rate of healing is unusually fast.
You have razor-sharp teeth.*
You have supernaturally acute eyesight.
You can survive without breathing.*


Message History

The rat closely misses you. The rat bites you.
* * * LOW HITPOINT WARNING * * *
The rat bites you.
* * * LOW HITPOINT WARNING * * *
The giant newt closely misses you.
The moth of wrath goads the giant newt on!
The giant newt goes berserk!
The giant newt bites you.
* * * LOW HITPOINT WARNING * * *
Your magical contamination has completely faded away.
There is an open door here.
The giant newt misses you.
You aren't carrying any potions.
You hit the giant newt.
You kill the giant newt!
Yredelemnul accepts your kill.
You closely miss the rat.
The rat is severely wounded.
The rat bites you.
You die...
Yredelemnul claims you as an undead slave.

#....# #......'<... #....#
+...)..##### #....#
#......# ###..## ####'###
#####..## #.### #.......#
#...# #.......# #######.##
#.......####........#
#......@r.##........#
#.......#l.#........####
...'......##.##........##..
####.(..####r####......#..#
#...##..lrl..##.......##
#..##.........##....###
####...........######
#....###....# #...##y##...#


You could see a giant newt (berserk) and a rat (berserk).

Vanquished Creatures
  Jessica (D:2)
  2 gnolls (D:1)
  3 adders (D:2)
  A worm (D:2)
  A ball python (D:1)
  3 goblins
  7 hobgoblins
  2 jackals (D:1)
  4 bats
  2 giant cockroaches (D:2)
  4 giant newts
  A kobold (D:1)
  4 rats
35 creatures vanquished.

Vanquished Creatures (collateral kills)
  A gnoll (D:1)
1 creature vanquished.

Vanquished Creatures (others)
  A hobgoblin (D:2)
  A ball python skeleton (D:1)
  A hobgoblin zombie (D:2)
3 creatures vanquished.

Grand Total: 39 creatures vanquished

Notes
Turn   | Place    | Note
--------------------------------------------------------------
     0 | D:1      | PolkaDot, the Vampire Death Knight, began the quest for the Orb.
     0 | D:1      | Reached XP level 1. HP: 16/16 MP: 3/3
   196 | D:1      | Reached skill level 1 in Armour
   239 | D:1      | Reached XP level 2. HP: 12/22 MP: 4/4
   561 | D:1      | Reached skill level 3 in Short Blades
   561 | D:1      | Reached XP level 3. HP: 11/27 MP: 4/6
   693 | D:2      | Noticed Jessica
   709 | D:2      | Killed Jessica
   809 | D:2      | Reached XP level 4. HP: 23/34 MP: 7/7
   982 | D:2      | Acquired Yredelemnul's second power
  1014 | D:2      | Found a radiant altar of Vehumet.
  1043 | D:2      | Noticed a moth of wrath
  1062 | D:2      | Found a bloodstained altar of Trog.
  1075 | D:2      | HP: 1/34 [giant newt (4)]
  1079 | D:2      | Slain by a rat

Action                   |  1- 3 |  4- 6 || total
-------------------------+-------+-------++-------
Melee: Short sword       |   110 |    46 ||   156
Invok: Animate Remains   |     4 |     1 ||     5
  Use: Scroll            |     1 |     7 ||     8
       Potion            |     1 |     3 ||     4
 Stab: Distracted        |     2 |       ||     2
       Sleeping          |     1 |       ||     1
